 Dungeon Crawl Stone Soup version 0.22-a0-283-g1871b15 (webtiles) character file.

163 nikopol the Firebug (level 5, -7/28 HPs)
             Began as a Deep Elf Fire Elementalist on Mar 18, 2018.
             Killed by divine providence
             ... invoked by an orc priest
              (10 damage)
             ... on level 3 of the Dungeon.
             The game lasted 00:12:37 (2735 turns).

nikopol the Firebug (Deep Elf Fire Elementalist)    Turns: 2735, Time: 00:12:38

Health: -7/28      AC:  2    Str:  5    XL:     5   Next: 20%
Magic:  4/13       EV: 13    Int: 21    God:
Gold:   124        SH:  0    Dex: 15    Spells: 2/12 levels left

rFire    . . .     SeeInvis .   d - -2 short sword
rCold    . . .     Gourm    .   (no shield)
rNeg     . . .     Faith    .   a - +0 robe
rPois    .         Spirit   .   (no helmet)
rElec    .         Reflect  .   (no cloak)
rCorr    .         Harm     .   (no gloves)
MR       .....                  (no boots)
Stlth    ++........             (no amulet)
HPRegen  0.09/turn              (no ring)
MPRegen  0.13/turn              (no ring)

@: no status effects
A: no striking features
a: no special abilities


You were on level 3 of the Dungeon.
You were hungry.

You visited 1 branch of the dungeon, and saw 3 of its levels.
You also visited: Sewer.

You collected 124 gold pieces.

Inventory:

Hand Weapons
 d - a -2 short sword (weapon)
 i - a cursed -2 short sword
Armour
 a - a +0 robe (worn)
Jewellery
 g - an uncursed ring of stealth {unknown}
Scrolls
 h - a scroll of immolation {unknown}
 j - a scroll of teleportation {unknown}
 p - a scroll of fear {unknown}
 q - a scroll of blinking {unknown}
 r - a scroll of amnesia {unknown}
Potions
 b - 4 potions of might {unknown}
 e - a potion of curing {unknown}
 f - a potion of mutation {unknown}
 k - a potion of resistance {unknown}
 l - a potion of magic {unknown}
 m - a potion of ambrosia {unknown}
 n - a potion of lignification {unknown}
 o - 2 potions of heal wounds {unknown}
Comestibles
 c - 4 rations


   Skills:
 + Level 3.1 Dodging
 + Level 2.8 Stealth
 + Level 4.2 Spellcasting
 + Level 2.6 Conjurations
 + Level 4.9 Fire Magic


You had 2 spell levels left.
You knew the following spells:

 Your Spells              Type           Power        Failure   Level  Hunger
a - Flame Tongue          Conj/Fire      ###..        2%          1    None
b - Throw Flame           Conj/Fire      ###...       3%          2    #......
c - Conjure Flame         Conj/Fire      ###.....     8%          3    ###....
d - Sticky Flame          Conj/Fire      ###.....     24%         4    ####...


Dungeon Overview and Level Annotations

Branches:
Dungeon (3/15)

Altars:
Fedhas
Zin

Annotations:
D:3 Grinder


Message History

Ouch! That really hurt!
Casting: Flame Tongue (safe; 2% risk of failure)
Confirm with . or Enter, or press ? or * to list all spells.
Aiming: Flame Tongue (safe; 2% risk of failure)
Press: ? - help, Shift-Dir - straight line, f/p - orc wizard
Aim: an orc wizard, wielding a dagger and wearing a runed robe The flame tongue hits the orc wizard.
The orc wizard appears unharmed.
The orc priest invokes the aid of Beogh against you.
Beogh smites you!
* * * LOW HITPOINT WARNING * * *
Casting: Flame Tongue (safe; 2% risk of failure)
Confirm with . or Enter, or press ? or * to list all spells.
Aiming: Flame Tongue (safe; 2% risk of failure)
Press: ? - help, Shift-Dir - straight line, f/p - orc wizard
Aim: an orc wizard, wielding a dagger and wearing a runed robe The flame tongue hits the orc wizard.
The orc wizard is heavily wounded.
The orc priest mumbles some strange prayers to Beogh against you.
Beogh smites you!
You die...

#.................o
#.8.....8............
.#####....................
..........>...............
..^.......................
...............####.......
...............# ..o....
.......8.....8.####)..###
)...............@.§o...>#
..................##....#
.........................#
.........................#
....###........#.#.......#
....# #..........###....##
....# #..........# ....
....######.#.....## ##.
...........#....#..


You could see an orc priest and an orc wizard.

Vanquished Creatures
  6 adders
  An ooze (D:1)
  4 worms (D:3)
  3 dart slugs
  2 leopard geckos
  2 orcs (D:3)
  3 ball pythons (Sewer)
  4 giant cockroaches
  10 goblins
  4 hobgoblins
  9 jackals
  12 kobolds
  6 bats
  6 frilled lizards
  9 rats
81 creatures vanquished.

Vanquished Creatures (others)
  A plant (Sewer)
1 creature vanquished.

Grand Total: 82 creatures vanquished

Notes
Turn   | Place    | Note
-------+----------+-------------------------------------------
     0 | D:1      | nikopol the Deep Elf Fire Elementalist began the quest for the Orb.
     0 | D:1      | Reached XP level 1. HP: 10/10 MP: 6/6
   118 | D:1      | Reached XP level 2. HP: 14/15 MP: 2/8
   123 | D:1      | Learned a level 2 spell: Throw Flame
   503 | D:1      | Reached XP level 3. HP: 17/19 MP: 2/9
   802 | D:2      | Learned a level 3 spell: Conjure Flame
   848 | D:2      | Found a blossoming altar of Fedhas.
  1048 | D:2      | Reached XP level 4. HP: 24/24 MP: 3/11
  1058 | D:2      | Found a glowing silver altar of Zin.
  1570 | D:3      | Found a glowing drain.
  1635 | Sewer    | Entered a sewer
  2142 | Sewer    | Reached XP level 5. HP: 28/28 MP: 11/13
  2155 | Sewer    | Learned a level 4 spell: Sticky Flame
  2585 | D:3      | Noticed Grinder
  2735 | D:3      | Killed from afar by an orc priest

Vault maps used:
D:1:      dpeg_arrival_boxorama
D:2:      lemuel_crystal_altar, fedhas_altar_1, serial_curves, eino_curves_04,
          eino_curves_04, eino_curves_04, minmay_cut_off
D:3:      cheibrodos_sewer_entry_sluice, st_stairs_1, kennysheep_nondescript,
          uniq_grinder
Sewer:    sewer_co_scattered_pipes

Skill      XL: |  1  2  3  4 |
---------------+-------------+-----
Fire Magic     | 4 |  4.9
Spellcasting   | 4 |  4.2
Conjurations   | 2 |  2.6
Dodging        | 3 |  3.1
Stealth        | |  2.8

Action                   |  1- 3 |  4- 6 || total
-------------------------+-------+-------++-------
 Cast: Flame Tongue      |    70 |    55 ||   125
       Throw Flame       |       |    12 ||    12
       Sticky Flame      |       |     3 ||     3
       Conjure Flame     |       |     2 ||     2
  Use: Scroll            |       |     3 ||     3
  Eat: Chunk             |       |     6 ||     6
Armor: Robe              |     3 |     1 ||     4
Dodge: Dodged            |    13 |     9 ||    22

Table legend:
 A = Spawn XP
 B = Non-spawn XP
 C = Spawn XP percentage of total XP
 D = Spawn monster count
 E = Non-spawn monster count
 F = Spawn count percentage of total count
 G = Total turns spent on level
                    A         B        C        D         E        F      G
               +---------+---------+-------+---------+---------+-------+---------
         Total |       0 |     234 |   0.0 |       0 |      81 |   0.0 |  2735
               +---------+---------+-------+---------+---------+-------+---------
           D:1 |       0 |      53 |   0.0 |       0 |      26 |   0.0 |   796
           D:2 |       0 |      75 |   0.0 |       0 |      21 |   0.0 |   737
           D:3 |       0 |      55 |   0.0 |       0 |      17 |   0.0 |   353
         Sewer |       0 |      51 |   0.0 |       0 |      17 |   0.0 |   849
               +---------+---------+-------+---------+---------+-------+---------
